 Dungeon Crawl Stone Soup version 0.28-a0-973-ga7f8b01127 (webtiles) character file.

Game seed: 16550390200195486813

88 pokeman the Magician (level 4, -1/25 HPs)
             Began as a Deep Elf Hedge Wizard on Dec 1, 2021.
             Slain by a phantom (7 damage)
             ... on level 2 of the Dungeon.
             The game lasted 00:03:14 (2231 turns).

pokeman the Magician (Deep Elf Hedge Wizard)        Turns: 2231, Time: 00:03:15

Health: -1/25      AC:  3    Str:  7    XL:     4   Next: 29%
Magic:  3/13       EV: 12    Int: 21    God:
Gold:   77         SH:  0    Dex: 14    Spells: 3/14 levels left

rFire   . . .      SeeInvis .   j - +0 spear
rCold   . . .      Faith    .   (no shield)
rNeg    . . .      Spirit   .   b - +0 robe
rPois   .          Reflect  .   c - +0 hat
rElec   .          Harm     .   (no cloak)
rCorr   .          Rampage  .   a - +0 pair of gloves
Will    .....                   (no boots)
Stlth   ++........              (no amulet)
HPRegen 0.08/turn               (no ring)
MPRegen 0.13/turn               (no ring)

@: no status effects
A: no striking features
a: no special abilities


You were on level 2 of the Dungeon.
You visited 1 branch of the dungeon, and saw 2 of its levels.

You collected 77 gold pieces.

Inventory:

Hand Weapons
 j - a +0 spear (weapon)
Missiles
 d - 26 arrows
Armour
 a - a +0 pair of gloves (worn)
 b - a +0 robe (worn)
 c - a +0 hat (worn)
Jewellery
 k - a ring of flight
Scrolls
 g - a scroll of enchant weapon {unknown}
 i - 3 scrolls of fog {unknown}
Potions
 e - a potion of curing {unknown}
 f - a potion of brilliance {unknown}
 h - 2 potions of degeneration {unknown}


   Skills:
 - Level 1.0 Fighting
 - Level 1.0 Armour
 + Level 2.6 Dodging
 - Level 2.4 Stealth
 * Level 5.6 Spellcasting
 + Level 2.2 Conjurations
 - Level 1.1 Summonings
 - Level 1.1 Translocations
 + Level 0.5 Fire Magic


You had 3 spell levels left.
You knew the following spells:

 Your Spells              Type           Power      Damage    Failure   Level
a - Magic Dart            Conj           60%        1d6       4%          1
b - Mephitic Cloud        Conj/Pois/Air  9%         N/A       22%         3
c - Call Imp              Summ           10%        N/A       10%         2
d - Blink                 Tloc           20%        N/A       10%         2
e - Conjure Flame         Conj/Fire      11%        6-21      17%         3

Your spell library contained the following spells:

 Spells                   Type           Power      Damage    Failure   Level
 Slow                     Hex            20%        N/A       11%         1


Dungeon Overview and Level Annotations

Branches:
Dungeon (2/15)

Altars:


Message History

Press: ? - help, Shift-Dir - straight line, f/p - phantom
Aim: a phantom (lightly damaged, 100% to hit)
The magic dart hits the phantom but does no damage.
The phantom is lightly damaged.
The phantom hits you.
Casting: Magic Dart (safe; 4% risk of failure)
Confirm with . or Enter, or press ? or * to list all spells.
Aiming: Magic Dart (safe; 4% risk of failure)
Press: ? - help, Shift-Dir - straight line, f/p - phantom
Aim: a phantom (lightly damaged, 100% to hit)
The magic dart hits the phantom.
The phantom is moderately damaged.
The phantom closely misses you.
Casting: Magic Dart (safe; 4% risk of failure)
Confirm with . or Enter, or press ? or * to list all spells.
Aiming: Magic Dart (safe; 4% risk of failure)
Press: ? - help, Shift-Dir - straight line, f/p - phantom
Aim: a phantom (moderately damaged, 100% to hit)
The magic dart hits the phantom but does no damage.
The phantom is moderately damaged.
The phantom barely misses you.
Casting: Magic Dart (safe; 4% risk of failure)
Confirm with . or Enter, or press ? or * to list all spells.
Aiming: Magic Dart (safe; 4% risk of failure)
Press: ? - help, Shift-Dir - straight line, f/p - phantom
Aim: a phantom (moderately damaged, 100% to hit)
The magic dart hits the phantom but does no damage.
The phantom is moderately damaged.
The phantom hits you!
* * * LOW HITPOINT WARNING * * *
The phantom blinks!
You blink.
Casting: Magic Dart (safe; 4% risk of failure)
Confirm with . or Enter, or press ? or * to list all spells.
Aiming: Magic Dart (safe; 4% risk of failure)
Press: ? - help, Shift-Dir - straight line, f/p - phantom
Aim: a phantom (moderately damaged, 100% to hit)
The magic dart hits the phantom.
The phantom is moderately damaged.
The phantom hits you!
You die...

#.### # #.# .###.
...####..# #.#
..<..#####......# #.#
...>.......## ##.#
...#.......######..##
#...8#8.#...........
.#
##..#!#...######.###
.# .. #..8#8...###
#..# .#
....##@W...#...###.##
# .#
#.....######.....# #
##.#
#####.....######.# ##
#.. ..
#...#......).###. #.#
##. ###.# ####..†#..
#<####.. #.§..#
##..).# #...##.#
####.# #.....
#####.##.# .# #.####
...#(##.# # #.# #


You could see a phantom.

Vanquished Creatures
  4 gnolls
  An adder (D:2)
  3 dart slugs
  8 endoplasms
  A giant cockroach (D:1)
  2 goblins
  A hobgoblin (D:1)
  3 quokkas
  5 bats
  2 frilled lizards (D:1)
  4 rats
34 creatures vanquished.

Notes
Turn   | Place    | Note
-------+----------+-------------------------------------------
     0 | D:1      | pokeman the Deep Elf Hedge Wizard began the quest for the
                  | Orb.
     0 | D:1      | Reached XP level 1. HP: 10/10 MP: 7/7
   289 | D:1      | Reached XP level 2. HP: 15/15 MP: 3/9
   345 | D:1      | Found a faded altar of an unknown god.
   793 | D:1      | Reached skill level 5 in Spellcasting
  1121 | D:2      | Reached XP level 3. HP: 20/20 MP: 6/11
  1125 | D:2      | Learned a level 3 spell: Mephitic Cloud
  1128 | D:2      | Learned a level 2 spell: Call Imp
  1131 | D:2      | Learned a level 2 spell: Blink
  1135 | D:2      | Learned a level 3 spell: Conjure Flame
  1365 | D:2      | Reached skill level 1 in Fighting
  1365 | D:2      | Reached skill level 1 in Armour
  1937 | D:2      | Reached XP level 4. HP: 25/25 MP: 11/13
  2220 | D:2      | Noticed a phantom
  2231 | D:2      | Slain by a phantom

Illustrated notes

Levels and vault maps discovered:
D:1:      amcnicky_arrival_single_pillar, layout_loops_ring,
          shapermc_ecumenical_altar_starsandcircs
D:2:      minmay_spotlight, layout_rooms, minmay_statues_item,
          uniq_crazy_yiuf_cottage, uniq_jessica

Skill      XL: |  1  2  3 |
---------------+----------+-----
Spellcasting   | 5 |  5.6
Conjurations   | 2 |  2.2
Fighting       | 1 |  1.0
Armour         | 1 |  1.0
Dodging        | |  2.6
Stealth        | |  2.4
Summonings     | |  1.1
Translocations | |  1.1
Fire Magic     | |  0.5

Action                   |  1- 3 |  4- 6 || total
-------------------------+-------+-------++-------
Melee: Spear             |     3 |       ||     3
       Dagger            |     1 |       ||     1
 Cast: Magic Dart        |    77 |    33 ||   110
       Conjure Flame     |     3 |       ||     3
       Mephitic Cloud    |     3 |       ||     3
       Call Imp          |     1 |       ||     1
Armor: Robe              |     2 |     2 ||     4
Dodge: Dodged            |    13 |     4 ||    17

Table legend: (Time is in decaauts)
 A = Elapsed time spent in this place.
 B = Non-inter-level travel time spent in this place.
 C = Inter-level travel time spent in this place.
 D = Time resting spent in this place.
 E = Time spent auto-exploring this place.
 F = Levels seen in this place.
 G = Mean time per level.
                   A        B        C        D        E       F      G
               +--------+--------+--------+--------+--------+-----+--------+
         Total |   2233 |   2192 |     41 |    413 |   1489 |   2 | 1116.5 |
       Dungeon |   2233 |   2192 |     41 |    413 |   1489 |   2 | 1116.5 |
               +--------+--------+--------+--------+--------+-----+--------+

Top non-repeatable levels by time:
     D:1: 1658 daAuts
     D:2: 575 daAuts
